 Dungeon Crawl Stone Soup version 0.22-a0-448-g1fb7470 (webtiles) character file.

37 iamserjio the Chopper (level 3, -1/20 HPs)
             Began as a Vine Stalker Chaos Knight on June 4, 2018.
             Slain by Natasha (4 damage)
             ... on level 2 of the Dungeon.
             The game lasted 00:02:34 (1080 turns).

iamserjio the Chopper (Vine Stalker Chaos Knight)   Turns: 1080, Time: 00:02:35

Health: -1/20      AC:  5    Str: 15    XL:     3   Next: 41%
Magic:  0/4        EV: 11    Int: 17    God:    Xom [...*..]
Gold:   78         SH:  0    Dex: 13    Spells: 2/2 levels left

rFire    . . .     SeeInvis .   a - +1 hand axe (chaos)
rCold    . . .     Gourm    .   (no shield)
rNeg     . . .     Faith    .   b - +2 leather armour
rPois    .         Spirit   +   (no helmet)
rElec    .         Reflect  .   (no cloak)
rCorr    .         Harm     .   (no gloves)
MR       .....                  (no boots)
Stlth    +.........             (no amulet)
HPRegen  0.06/turn              (no ring)
MPRegen  0.09/turn              (no ring)

@: brilliant, hasted, very quick
A: fangs 2, magic shield, antimagic bite, no potion heal 3, rot immunity
a: Renounce Religion


You were on level 2 of the Dungeon.
You worshipped Xom.
You were a favourite toy of Xom.
You were not hungry.

You visited 1 branch of the dungeon, and saw 2 of its levels.

You collected 78 gold pieces.

Inventory:

Hand Weapons
 a - a +1 hand axe of chaos (weapon)
Missiles
 d - 86 stones (quivered)
 h - 11 poisoned needles
Armour
 b - a +2 leather armour (worn)
 e - a +0 chain mail
 f - a +0 ring mail
Potions
 i - 2 potions of lignification {unknown}
 l - 2 potions of curing
Comestibles
 c - 5 rations
 m - 2 chunks of flesh


   Skills:
 + Level 3.0 Fighting
 * Level 3.4 Axes
 + Level 2.0 Armour
 - Level 0.7 Dodging


You had 2 spell levels left.
You didn't know any spells.
Your spell library was empty.

Dungeon Overview and Level Annotations

Branches:
Dungeon (2/15)

Altars:

Annotations:
D:2 Natasha


Innate Abilities, Weirdness & Mutations

You have extremely sharp teeth.
When hurt, damage is shared between your health and your magic reserves.
Your bite disrupts and absorbs the magic of your enemies.
Potions cannot restore your health.
You are immune to rotting.


Message History

As you read the scroll labeled DEIL ICABBIDIK, it crumbles to dust.
You feel blessed for a moment.
It was a scroll of remove curse.
Natasha claws you but does no damage.
Your frilled lizard zombie bites the worm.
As you read the scroll labeled FAHOGU IMEIGEN, it crumbles to dust.
It is a scroll of enchant weapon.
Your +0 hand axe of chaos glows red for a moment.
Natasha stares at you and mumbles some strange words.
The magic dart hits you!
Your frilled lizard zombie barely misses the worm.
As you read the scroll labeled HIAJEGH BIOHA, it crumbles to dust.
The scroll dissolves into smoke.
It was a scroll of fog.
Natasha mumbles some strange words.
It was a potion of haste.
You feel yourself speed up.
Xom thinks this is hilarious! "Go forth and destroy!"
You feel clever all of a sudden.
You are now a favourite toy of Xom.
Natasha claws you.
You die...

#.####.#
#.......#.#.......>....
#......#
#?......#.#...###...#..
########
#...$.........# ...##.
#........###... ..###
#.......)# ###.# ## #
#........# #.# #
####.Zw§.# ###.### #
###h### #<....# # #@#
#.....# # #§# #.....#
###§# #.....# #...#
###.....# #.###
#.....### #.#
#.###.########
#.#####.###).......#
#.........#..#####.#
#######.#.#..#####.#


You could see a worm, Natasha and a friendly frilled lizard zombie.

Vanquished Creatures
  An adder (D:2)
  2 dart slugs (D:1)
  A leopard gecko (D:1)
  A giant cockroach (D:2)
  3 goblins (D:1)
  3 hobgoblins
  2 ball pythons
  5 bats
  2 frilled lizards
  4 kobolds (D:1)
  2 rats
26 creatures vanquished.

Notes
Turn   | Place    | Note
-------+----------+-------------------------------------------
     0 | D:1      | iamserjio the Vine Stalker Chaos Knight began the quest for the Orb.
     0 | D:1      | Reached XP level 1. HP: 11/11 MP: 2/2
   136 | D:1      | Reached XP level 2. HP: 13/16 MP: 3/3
   262 | D:1      | XOM: harmless Summ miscast
   576 | D:1      | XOM: harmless Erth miscast
   892 | D:2      | Reached XP level 3. HP: 15/19 MP: 4/4
  1064 | D:2      | Noticed Natasha
  1067 | D:2      | XOM: divination: detect creatures
  1080 | D:2      | XOM: potion effect (brilliance)
  1080 | D:2      | Slain by Natasha

Vault maps used:
D:1:      minmay_arrival_split_and_join
D:2:      first_ration, okawaru_ov_weapons_minmay, uniq_natasha

Skill      XL: |  1  2  3 |
---------------+----------+-----
Axes           | 3 |  3.4
Fighting       | 3 |  3.0
Armour         | 2 |  2.0
Dodging        | |  0.7

Action                   || total
-------------------------++-------
Melee: Hand axe          ||    75
       Bite              ||    19
  Use: Scroll            ||     3
       Potion            ||     2
 Stab: Sleeping          ||     1
  Eat: Chunk             ||     1
Armor: Leather armour    ||    27
Dodge: Dodged            ||    39

Table legend:
 A = Spawn XP
 B = Non-spawn XP
 C = Spawn XP percentage of total XP
 D = Spawn monster count
 E = Non-spawn monster count
 F = Spawn count percentage of total count
 G = Total turns spent on level
                    A         B        C        D         E        F      G
               +---------+---------+-------+---------+---------+-------+---------
         Total |       0 |      54 |   0.0 |       0 |      26 |   0.0 |  1080
               +---------+---------+-------+---------+---------+-------+---------
           D:1 |       0 |      29 |   0.0 |       0 |      17 |   0.0 |   815
           D:2 |       0 |      25 |   0.0 |       0 |       9 |   0.0 |   265
               +---------+---------+-------+---------+---------+-------+---------
